AoeStats
← InTrUsIoN

Four Lakes

509377498Analyzed
1v1 RM · 5d ago on Sep 26, 2026· 61m 43s· 2 players
Game mode
Random Map
Map size
Tiny (2 player)
Population
200
Speed
Normal
Resources
Standard
Victory
Conquest
Starting age
Dark Age
Ending age
Imperial Age
RankedLock teamsTeams togetherTeam positionsShared explorationLock speedFull tech treeHidden civsTurbo modeCheats
Victory
Defeat
🇺🇸 Lithuanians · United States
394
+17
🇮🇹 Teutons · Italy
406
-17
InTrUsIoN
4:52 Loom
12:07 Feudal Age
13:28 Wheelbarrow
16:43 Castle Age
14:43 Double-Bit Axe
14:56 Stone Mining
20:00 Wheelbarrow
27:13 Bow Saw
27:34 Hand Cart
27:08 Fishing Lines
29:26 Forging
29:22 Scale Barding Armor
32:26 Iron Casting
32:12 Chain Barding Armor
31:47 Gillnets
33:09 Gold Mining
34:00 Light Cavalry
34:42 Husbandry
34:55 Bloodlines
38:20 Pikeman
39:02 Squires
38:48 Arson
39:15 Horse Collar
39:32 Town Watch
39:56 Heavy Plow
42:20 Scale Mail Armor
48:27 Imperial Age
48:35 Elite Leitis
50:34 Two-Man Saw
50:21 Crop Rotation
49:35 Winged Hussar
51:58 Conscription
52:42 Hill Forts
Sirfide
9:14 Loom
12:43 Feudal Age
15:25 Horse Collar
17:08 Scale Barding Armor
20:41 Double-Bit Axe
21:55 Wheelbarrow
24:52 Castle Age
23:30 Wheelbarrow
25:17 Pikeman
26:00 Squires
28:45 Bow Saw
28:14 Elite Skirmisher
29:59 Crossbowman
32:08 Hand Cart
32:01 Gold Mining
32:15 Arson
32:30 Fishing Lines
33:15 Heavy Plow
35:31 Stone Mining
35:55 Forging
35:45 Scale Mail Armor
38:49 Ballistics
38:21 Guard Tower
41:20 Stone Shaft Mining
43:49 Imperial Age
47:55 Chemistry
46:43 Arrowslits
52:35 Crop Rotation
54:10 Crenellations
55:22 Padded Archer Armor
55:55 Bombard Tower
57:28 Elite Teutonic Knight
Connection lost

Rejoining the realm…

Still unreachable

The connection could not be restored.

Session expired

The server has moved on; the page needs a fresh start.